 Dungeon Crawl Stone Soup version 0.21.0 (webtiles) character file.

79 letownia2 the Ruffian (level 4, -1/28 HPs)
             Began as a Gargoyle Fighter on Jan 7, 2018.
             Slain by Purgy (2 damage)
             ... in a sewer.
             The game lasted 00:03:10 (956 turns).

letownia2 the Ruffian (Gargoyle Fighter)             Turns: 956, Time: 00:03:10

Health: -1/28      AC: 10    Str: 18 (19) XL:     4   Next: 38%
Magic:  4/4        EV:  9    Int:  7 (10) God:
Gold:   37         SH:  0    Dex:  6 (9)  Spells: 3/3 levels left

rFire    . . .     SeeInvis .     - Unarmed
rCold    . . .     Gourm    .   (no shield)
rNeg     + . .     Faith    .   a - +0 scale mail
rPois    ∞         Spirit   .   (no helmet)
rElec    +         Reflect  .   (no cloak)
rCorr    .         Harm     .   (no gloves)
MR       .....                  (no boots)
Stlth    ..........             (no amulet)
HPRegen  0.09/turn              (no ring)
MPRegen  0.09/turn              (no ring)

@: no status effects
A: negative energy resistance 1, electricity resistance, unbreathing,
petrification resistance, rot immunity, AC +3
a: no special abilities


You were in a sewer.
You were hungry.

You visited 1 branch of the dungeon, and saw 3 of its levels.
You also visited: Sewer.

You collected 37 gold pieces.

Inventory:

Hand Weapons
 g - a +2 dagger of holy wrath
Armour
 a - a +0 scale mail (worn)
 b - a +0 shield
Scrolls
 h - a scroll of amnesia {unknown}
 i - a scroll of identify {unknown}
Potions
 c - a potion of might
Comestibles
 d - 2 rations


   Skills:
 - Level 3.2 Fighting
 - Level 3.2 Armour
 - Level 3.2 Shields
 + Level 4.5 Unarmed Combat


You had 3 spell levels left.
You didn't know any spells.

Dungeon Overview and Level Annotations

Branches:
Dungeon (3/15)

Altars:
Ru
Trog

Annotations:
Sewer Purgy


Innate Abilities, Weirdness & Mutations

You are resistant to torment.
Your stone body is resilient. (AC +3)
You are immune to poison.
You resist negative energy. (rN+)
You are resistant to electric shocks. (rElec)
You can survive without breathing.
You are immune to petrification.
You are immune to rotting.


Message History

You closely miss Purgy.
Purgy is severely wounded.
Purgy bites you.
* * * LOW HITPOINT WARNING * * *
Purgy claws you.
* * * LOW HITPOINT WARNING * * *
Purgy closely misses you.
You barely miss Purgy.
Purgy is severely wounded.
Purgy barely misses you. Purgy claws you.
* * * LOW HITPOINT WARNING * * *
Purgy claws you but does no damage.
You barely miss Purgy.
Purgy is severely wounded.
Purgy completely misses you. Purgy barely misses you.
Purgy claws you but does no damage.
You hit Purgy.
Purgy is severely wounded.
Purgy barely misses you. x2; Purgy claws you.
You die...

#.≈≈≈.#
#.≈≈≈.#
+.≈≈≈.+
#.≈≈≈.#
####.≈≈≈.#
#!.'.≈≈≈.+
#.≈≈≈.#
####.T≈≈.####
#..'..@....∩#
####.≈≈≈.####
#.≈≈≈.#
+.≈≈≈.+
#.≈≈≈.#
#.≈≈≈.#
+.≈≈≈.+
#.≈≈≈.#


You could see Purgy.

Vanquished Creatures
  Jessica (D:3)
  An adder (D:3)
  An ooze (D:2)
  A worm (D:3)
  2 dart slugs (D:3)
  A leopard gecko (D:3)
  3 orcs (D:3)
  2 giant cockroaches (D:1)
  A goblin (D:3)
  A hobgoblin (D:1)
  7 jackals (D:3)
  2 kobolds
  3 bats (D:3)
  A frilled lizard (D:3)
  3 rats (D:1)
30 creatures vanquished.

Notes
Turn   | Place    | Note
-------+----------+-------------------------------------------
     0 | D:1      | letownia2 the Gargoyle Fighter began the quest for the Orb.
     0 | D:1      | Reached XP level 1. HP: 14/14 MP: 1/1
   270 | D:1      | Reached XP level 2. HP: 19/19 MP: 2/2
   356 | D:2      | Reached skill level 3 in Unarmed Combat
   381 | D:3      | Found a bloodstained altar of Trog.
   558 | D:3      | Reached XP level 3. HP: 6/23 MP: 3/3
   664 | D:3      | Reached skill level 4 in Unarmed Combat
   721 | D:3      | Found a sacrificial altar of Ru.
   725 | D:3      | Noticed Jessica
   742 | D:3      | Killed Jessica
   742 | D:3      | Reached XP level 4. HP: 14/28 MP: 4/4
   781 | D:3      | Found a glowing drain.
   790 | Sewer    | Entered a sewer
   898 | Sewer    | Noticed Purgy
   925 | Sewer    | HP: 1/28 [Purgy (2)]
   954 | Sewer    | HP: 1/28 [Purgy (1)]
   956 | Sewer    | Slain by Purgy

Skill      XL: |  1  2  3 |
---------------+----------+-----
Unarmed Combat | 3 4 |  4.5
Fighting       | |  3.2
Armour         | |  3.2
Shields        | |  3.2

Action                   |  1- 3 |  4- 6 || total
-------------------------+-------+-------++-------
Melee: Unarmed           |   172 |    58 ||   230
       Punch             |     4 |       ||     4
  Use: Potion            |       |     2 ||     2
Armor: Scale mail        |    90 |    79 ||   169
Dodge: Dodged            |    71 |    62 ||   133
